Workbook

Sheet Приложение1
C1: Приложение 1 к решению Совета депутатов Пятинского сельского поселения Ромодановского муниципального района Республики Мордовия «О внесении изменений в решение Совета депутатов Пятинского сельского поселения Ромодановского муниципального района Республики Мордовия от 26 декабря 2023 г № 22 «О бюджете Пятинского сельского поселения Ромодановского муниципального района Республики Мордовия на 2024 год и на плановый период 2025 и 2026 годов» Приложение 2 к решению Совета депутатов Пятинского сельского поселения Ромодановского муниципального района Республики Мордовия «О бюджете Пятинского сельского поселения Ромодановского муниципального района Республики Мордовия на 2024 год и на плановый период 2025 и 2026 годов»
E7: (тыс. рублей)
A8: Код | B8: Наименование | C8: Сумма
C9: 2024 год | D9: 2025 год | E9: 2026 год
A10: 1 | B10: 2 | C10: 3 | D10: 4 | E10: 5
A11: 2 00 00000 00 0000 000 | B11: БЕЗВОЗМЕЗДНЫЕ ПОСТУПЛЕНИЯ | C11: =C12 -> 1002.5 | D11: =D12 -> 584.8 | E11: =E12 -> 556
A12: 2 02 00000 00 0000 000 | B12: Безвозмездные поступления от других бюджетов бюджетной системы Российской Федерации | C12: =C23+C18+C13 -> 1002.5 | D12: =D23+D18+D13 -> 584.8 | E12: =E23+E18+E13 -> 556
A13: 2 02 10000 00 0000 150 | B13: Дотации бюджетам бюджетной системы Российской Федерации | C13: =C14+C16 -> 603.4 | D13: =D14 -> 171.9 | E13: =E14 -> 128.9
A14: 2 02 15001 00 0000 150 | B14: Дотации на выравнивание бюджетной обеспеченности | C14: =C15 -> 233.6 | D14: =D15 -> 171.9 | E14: =E15 -> 128.9
A15: 2 02 15001 10 0000 150 | B15: Дотации бюджетам сельских поселений на выравнивание бюджетной обеспеченности из бюджета субъекта Российской Федерации | C15: 233.6 | D15: 171.9 | E15: 128.9
A16: 2 02 15002 00 0000 150 | B16: Дотация бюджетам на поддержку мер по обеспечению сбалансированности бюджетов | C16: =C17 -> 369.8
A17: 2 02 15002 10 0000 150 | B17: Дотации бюджетам сельских поселений на поддержку мер по обеспечению сбалансированности бюджетов | C17: 369.8
A18: 2 02 30000 00 0000 150 | B18: Субвенции бюджетам бюджетной системы Российской Федерации | C18: =C19+C21 -> 132.6 | D18: =D19+D21 -> 146.4 | E18: =E19+E21 -> 160.6
A19: 2 02 30024 00 0000 150 | B19: Субвенции местным бюджетам на выполнение передаваемых полномочий субъектов Российской Федерации | C19: =C20 -> 0.7 | D19: =D20 -> 0.7 | E19: =E20 -> 0.8
A20: 2 02 30024 10 0000 150 | B20: Субвенции бюджетам сельских поселений на выполнение передаваемых полномочий субъектов Российской Федерации | C20: 0.7 | D20: 0.7 | E20: 0.8
A21: 2 02 35118 00 0000 150 | B21: Субвенции бюджетам на осуществление первичного воинского учета органами местного самоуправления поселений,муниципальных и городских округов | C21: =C22 -> 131.9 | D21: =D22 -> 145.7 | E21: =E22 -> 159.8
A22: 2 02 35118 10 0000 150 | B22: Субвенции бюджетам сельских поселений на осуществление первичного воинского учета органами местного самоуправления поселений,муниципальных и городских округов | C22: 131.9 | D22: 145.7 | E22: 159.8
A23: 2 02 40000 00 0000 150 | B23: Иные межбюджетные трансферты | C23: =C24 -> 266.5 | D23: =D24 -> 266.5 | E23: =E24 -> 266.5
A24: 2 02 40014 00 0000 150 | B24: Межбюджетные трансферты, передаваемые бюджетам муниципальных образований на осуществление части полномочий по решению вопросов местного значения в соответствии с заключенными соглашениями | C24: =C25 -> 266.5 | D24: =D25 -> 266.5 | E24: =E25 -> 266.5
A25: 2 02 40014 10 0000 150 | B25: Межбюджетные трансферты, передаваемые бюджетам сельских поселений из бюджетов муниципальных районов на осуществление части полномочий по решению вопросов местного значения в соответствии с заключенными соглашениями | C25: 266.5 | D25: 266.5 | E25: 266.5

Sheet Приложение 2
I1: Приложение 2 к решению Совета депутатов Пятинского сельского поселения Ромодановского муниципального района Республики Мордовия «О внесении изменений в решение Совета депутатов Пятинского сельского поселения Ромодановского муниципального района Республики Мордовия от 26 декабря 2023 г № 22 «О бюджете Пятинского сельского поселения Ромодановского муниципального района Республики Мордовия на 2024 год и на плановый период 2025 и 2026 годов» Приложение 3 к решению Совета депутатов Пятинского сельского поселения Ромодановского муниципального района Республики Мордовия «О бюджете Пятинского сельского поселения Ромодановского муниципального района Республики Мордовия на 2024 год и на плановый период 2025 и 2026 годов»
A2: ВЕДОМСТВЕННАЯ СТРУКТУРА РАСХОДОВ БЮДЖЕТА ПЯТИНСКОГО СЕЛЬСКОГО ПОСЕЛЕНИЯ РОМОДАНОВСКОГО МУНИЦИПАЛЬНОГО РАЙОНА РЕСПУБЛИКИ МОРДОВИЯ НА 2024 ГОД И НА ПЛАНОВЫЙ ПЕРИОД 2025 И 2026 ГОДОВ
I3: (тыс. рублей)
A4: Наименование | B4: Адм | C4: Рз | D4: Прз | E4: Цср | I4: Вр | J4: Сумма
J5: 2024 год | K5: 2025 год | L5: 2026 год
A6: 1 | B6: 2 | C6: 3 | D6: 4 | E6: 5 | F6: 6 | G6: 7 | H6: 8 | I6: 9 | J6: 10 | K6: 11 | L6: 12
A7: Администрация Пятинского сельского поселения Ромодановского муниципального района Республики Мордовия | B7: 920 | J7: =J8+J37+J47+J54+J71+J78 -> 3603.3 | K7: =K8+K37+K47+K54+K71+K78 -> 2099.8 | L7: =L8+L37+L47+L54+L71+L78 -> 2127.4
A8: Общегосударственные вопросы | B8: 920 | C8: 01 | J8: =J9+J15+J31 -> 2468.2 | K8: =K9+K15+K31 -> 1202.6 | L8: =L9+L15+L31 -> 1153.2
A9: Функционирование высшего должностного лица субъекта Российской Федерации и муниципального образования | B9: 920 | C9: 01 | D9: 02 | J9: =J10 -> 607 | K9: =K10 -> 361.2 | L9: =L10 -> 311.7
A10: Обеспечение деятельности Администрации Пятинского сельского поселения Ромодановского муниципального района Республики Мордовия | B10: 920 | C10: 01 | D10: 02 | E10: 65 | J10: =J11 -> 607 | K10: =K11 -> 361.2 | L10: =L11 -> 311.7
A11: Высшее должностное лицо | B11: 920 | C11: 01 | D11: 02 | E11: 65 | F11: 1 | J11: =J12 -> 607 | K11: =K12 -> 361.2 | L11: =L12 -> 311.7
A12: Расходы на выплаты по оплате труда высшего должностного лица | B12: 920 | C12: 01 | D12: 02 | E12: 65 | F12: 1 | G12: 00 | H12: 41150 | J12: 607 | K12: =K13 -> 361.2 | L12: =L13 -> 311.7
A13: Расходы на выплаты персоналу в целях обеспечения выполнения функций государственными (муниципальными) органами, казенными учреждениями, органами управления государственными внебюджетными фондами | B13: 920 | C13: 01 | D13: 02 | E13: 65 | F13: 1 | G13: 00 | H13: 41150 | I13: 100 | J13: =J14 -> 607 | K13: =K14 -> 361.2 | L13: =L14 -> 311.7
A14: Расходы на выплаты персоналу государственных (муниципальных) органов | B14: 920 | C14: 01 | D14: 02 | E14: 65 | F14: 1 | G14: 00 | H14: 41150 | I14: 120 | J14: 607 | K14: 361.2 | L14: 311.7
A15: Функционирование Правительства Российской Федерации, высших исполнительных органов государственной власти субъектов Российской Федерации, местных администраций | B15: 920 | C15: 01 | D15: 04 | J15: =J16+J26 -> 1856.2 | K15: =K16+K26 -> 836.4 | L15: =L16+L26 -> 836.5
A16: =A10 -> Обеспечение деятельности Администрации Пятинского сельского поселения Ромодановского муниципального района Республики Мордовия | B16: 920 | C16: 01 | D16: 04 | E16: 65 | J16: =J17 -> 1855.5 | K16: =K17 -> 835.7 | L16: =L17 -> 835.8
A17: Расходы в рамках обеспечения деятельности Администрации Пятинского сельского поселения | B17: 920 | C17: 01 | D17: 04 | E17: 65 | F17: 2 | J17: =J18+J21 -> 1855.5 | K17: =K18+K21 -> 835.7 | L17: =L18+L21 -> 835.8
A18: Расходы на выплаты по оплате труда работников органов местного самоуправления | B18: 920 | C18: 01 | D18: 04 | E18: 65 | F18: 2 | G18: 00 | H18: 41110 | J18: =J19 -> 881.1 | K18: =K19 -> 540.7 | L18: =L19 -> 540.8
A19: Расходы на выплаты персоналу в целях обеспечения выполнения функций государственными (муниципальными) органами, казенными учреждениями, органами управления государственными внебюджетными фондами | B19: 920 | C19: 01 | D19: 04 | E19: 65 | F19: 2 | G19: 00 | H19: 41110 | I19: 100 | J19: =J20 -> 881.1 | K19: =K20 -> 540.7 | L19: =L20 -> 540.8
A20: Расходы на выплаты персоналу государственных (муниципальных) органов | B20: 920 | C20: 01 | D20: 04 | E20: 65 | F20: 2 | G20: 00 | H20: 41110 | I20: 120 | J20: 881.1 | K20: 540.7 | L20: 540.8
A21: Расходы на обеспечение функций органов местного самоуправления | B21: 920 | C21: 01 | D21: 04 | E21: 65 | F21: 2 | G21: 00 | H21: 41120 | J21: =+J22+J24 -> 974.4 | K21: =+K22+K24 -> 295 | L21: =+L22+L24 -> 295
A22: Закупка товаров, работ и услуг для обеспечения государственных (муниципальных) нужд | B22: 920 | C22: 01 | D22: 04 | E22: 65 | F22: 2 | G22: 00 | H22: 41120 | I22: 200 | J22: =J23 -> 959.4 | K22: =K23 -> 280 | L22: =L23 -> 280
A23: Иные закупки товаров, работ и услуг для обеспечения государственных (муниципальных) нужд | B23: 920 | C23: 01 | D23: 04 | E23: 65 | F23: 2 | G23: 00 | H23: 41120 | I23: 240 | J23: 959.4 | K23: 280 | L23: 280
A24: Иные бюджетные ассигнования | B24: 920 | C24: 01 | D24: 04 | E24: 65 | F24: 2 | G24: 00 | H24: 41120 | I24: 800 | J24: =J25 -> 15 | K24: =K25 -> 15 | L24: =L25 -> 15
A25: Уплата налогов, сборов и иных платежей | B25: 920 | C25: 01 | D25: 04 | E25: 65 | F25: 2 | G25: 00 | H25: 41120 | I25: 850 | J25: 15 | K25: 15 | L25: 15
A26: Непрограммные расходы главных распорядителей средств бюджета Пятинского сельского поселения Ромодановского муниципального района Республики Мордовия | B26: 920 | C26: 01 | D26: 04 | E26: 89 | J26: =J27 -> 0.7 | K26: =K27 -> 0.7 | L26: =L27 -> 0.7
A27: Непрограммные расходы в рамках обеспечения деятельности главных распорядителей средств бюджета Пятинского сельского поселения Ромодановского муниципального района Республики Мордовия | B27: 920 | C27: 01 | D27: 04 | E27: 89 | F27: 1 | J27: =J28 -> 0.7 | K27: =K28 -> 0.7 | L27: =L28 -> 0.7
A28: Осуществление государственных полномочий Республики Мордовия по определению перечня должностных лиц, уполномоченных составлять протоколы об административных правонарушениях, предусмотренных Законом Республики Мордовия от 15 июня 2015 года № 38-З "Об административной ответственности на территории Республики Мордовия" | B28: 920 | C28: 01 | D28: 04 | E28: 89 | F28: 1 | G28: 00 | H28: 77150 | J28: =J29 -> 0.7 | K28: =K29 -> 0.7 | L28: =L29 -> 0.7
A29: Закупка товаров, работ и услуг для обеспечения государственных (муниципальных) нужд | B29: 920 | C29: 01 | D29: 04 | E29: 89 | F29: 1 | G29: 00 | H29: 77150 | I29: 200 | J29: =J30 -> 0.7 | K29: =K30 -> 0.7 | L29: =L30 -> 0.7
A30: Иные закупки товаров, работ и услуг для обеспечения государственных (муниципальных) нужд | B30: 920 | C30: 01 | D30: 04 | E30: 89 | F30: 1 | G30: 00 | H30: 77150 | I30: 240 | J30: 0.7 | K30: 0.7 | L30: 0.7
A31: Резервные фонды | B31: 920 | C31: 01 | D31: 11 | J31: =J32 -> 5 | K31: =K32 -> 5 | L31: =L32 -> 5
A32: =A26 -> Непрограммные расходы главных распорядителей средств бюджета Пятинского сельского поселения Ромодановского муниципального района Республики Мордовия | B32: 920 | C32: 01 | D32: 11 | E32: 89 | J32: =J33 -> 5 | K32: =K33 -> 5 | L32: =L33 -> 5
A33: =A27 -> Непрограммные расходы в рамках обеспечения деятельности главных распорядителей средств бюджета Пятинского сельского поселения Ромодановского муниципального района Республики Мордовия | B33: 920 | C33: 01 | D33: 11 | E33: 89 | F33: 1 | J33: =J34 -> 5 | K33: =K34 -> 5 | L33: =L34 -> 5
A34: Резервный фонд администрации Пятинского сельского поселени Ромодановского муниципального района Республики Мордовия | B34: 920 | C34: 01 | D34: 11 | E34: 89 | F34: 1 | G34: 00 | H34: 41180 | J34: =J36 -> 5 | K34: =K36 -> 5 | L34: =L36 -> 5
A35: Иные бюджетные ассигнования | B35: 920 | C35: 01 | D35: 11 | E35: 89 | F35: 1 | G35: 00 | H35: 41180 | I35: 800 | J35: =J36 -> 5 | K35: =K36 -> 5 | L35: =L36 -> 5
A36: Резервные средства | B36: 920 | C36: 01 | D36: 11 | E36: 89 | F36: 1 | G36: 00 | H36: 41180 | I36: 870 | J36: 5 | K36: 5 | L36: 5
A37: Национальная оборона | B37: 920 | C37: 02 | J37: =J38 -> 131.9 | K37: =K38 -> 145.7 | L37: =L38 -> 159.8
A38: Мобилизационная и вневойсковая подготовка | B38: 920 | C38: 02 | D38: 03 | J38: =J39 -> 131.9 | K38: =K39 -> 145.7 | L38: =L39 -> 159.8
A39: Государственная программа повышения эффективности управления государственными финансами в Республике Мордовия | B39: 920 | C39: 02 | D39: 03 | E39: 17 | J39: =J40 -> 131.9 | K39: =K40 -> 145.7 | L39: =L40 -> 159.8
A40: Подпрограмма "Повышения эффективности межбюджетных отношений" | B40: 920 | C40: 02 | D40: 03 | E40: 17 | F40: 3 | J40: =J41 -> 131.9 | K40: =K41 -> 145.7 | L40: =L41 -> 159.8
A41: Основное мероприятие "Обеспечение и осуществления органами местного самоуправления отдельных государственных полномочий" | B41: 920 | C41: 02 | D41: 03 | E41: 17 | F41: 3 | G41: 02 | J41: =J42 -> 131.9 | K41: =K42 -> 145.7 | L41: =L42 -> 159.8
A42: Осуществление государственных полномочий Российской Федерации по воинскому учету в поселениях, на территориях которых отсутствуют структурные подразделения военных комиссариатов | B42: 920 | C42: 02 | D42: 03 | E42: 17 | F42: 3 | G42: 02 | H42: 51180 | J42: =J45+J43 -> 131.9 | K42: =K45+K43 -> 145.7 | L42: =L45+L43 -> 159.8
A43: Расходы на выплаты персоналу в целях обеспечения выполнения функций государственными (муниципальными) органами, казенными учреждениями, органами управления государственными внебюджетными фондами | B43: 920 | C43: 02 | D43: 03 | E43: 17 | F43: 3 | G43: 02 | H43: 51180 | I43: 100 | J43: =J44 -> 126.9 | K43: =K44 -> 140.7 | L43: =L44 -> 154.8
A44: Расходы на выплаты персоналу государственных (муниципальных) органов | B44: 920 | C44: 02 | D44: 03 | E44: 17 | F44: 3 | G44: 02 | H44: 51180 | I44: 120 | J44: 126.9 | K44: 140.7 | L44: 154.8
A45: Закупка товаров, работ и услуг для обеспечения государственных (муниципальных) нужд | B45: 920 | C45: 02 | D45: 03 | E45: 17 | F45: 3 | G45: 02 | H45: 51180 | I45: 200 | J45: =J46 -> 5 | K45: =K46 -> 5 | L45: =L46 -> 5
A46: Иные закупки товаров, работ и услуг для обеспечения государственных (муниципальных) нужд | B46: 920 | C46: 02 | D46: 03 | E46: 17 | F46: 3 | G46: 02 | H46: 51180 | I46: 240 | J46: 5 | K46: 5 | L46: 5
A47: Национальная экономика | B47: 920 | C47: 04 | J47: =J48 -> 266.5 | K47: =K48 -> 266.5 | L47: =L48 -> 266.5
A48: Дорожное хозяйство (дорожные фонды) | B48: 920 | C48: 04 | D48: 09 | J48: =J49 -> 266.5 | K48: =K49 -> 266.5 | L48: =L49 -> 266.5
A49: Муниципальная программа "Комплексного развития транспортной инфраструктуры Пятинского сельского поселения Ромодановского муниципального района Республики Мордовия на 2018- 2030 года" | B49: 920 | C49: 04 | D49: 09 | E49: 13 | J49: =J51 -> 266.5 | K49: =K51 -> 266.5 | L49: =L51 -> 266.5
A50: Основное мероприятие "Ремонт и содержание дорог в границах поселения, поддержание дорожного полотна в работоспособном состоянии " | B50: 920 | C50: 04 | D50: 09 | E50: 13 | F50: 0 | G50: 01 | J50: =J51 -> 266.5 | K50: =K51 -> 266.5 | L50: =L51 -> 266.5
A51: Иные межбюджетные трансферты на осуществление полномочий по дорожной деятельности в отношении автомобильных дорог местного значения в границах населенных пунктов поселения и обеспечению безопасности дорожного движения на них, включая создание и обеспечение функционирования парковок (парковочных мест), осуществлению муниципального контроля на автомобильном транспорте, городском наземном электрическом транспорте и в дорожном хозяйстве в границах населенных пунктов поселения, организации дорожного движения, а также осуществлению иных полномочий в области использования автомобильных дорог и осуществления дорожной деятельности в соответствии с законодательством Российской Федерации | B51: 920 | C51: 04 | D51: 09 | E51: 13 | F51: 0 | G51: 01 | H51: 44102 | J51: =J52 -> 266.5 | K51: =K52 -> 266.5 | L51: =L52 -> 266.5
A52: Закупка товаров, работ и услуг для обеспечения государственных (муниципальных) нужд | B52: 920 | C52: 04 | D52: 09 | E52: 13 | F52: 0 | G52: 01 | H52: 44102 | I52: 200 | J52: =J53 -> 266.5 | K52: =K53 -> 266.5 | L52: =L53 -> 266.5
A53: Иные закупки товаров, работ и услуг для обеспечения государственных (муниципальных) нужд | B53: 920 | C53: 04 | D53: 09 | E53: 13 | F53: 0 | G53: 01 | H53: 44102 | I53: 240 | J53: 266.5 | K53: 266.5 | L53: 266.5
A54: Жилищно-коммунальное хозяйство | B54: 920 | C54: 05 | J54: =J61+J55 -> 512.2 | K54: =K61 -> 221.6 | L54: =L61 -> 235
A55: Жилищное хозяйство | B55: 920 | C55: 05 | D55: 01 | J55: =J56 -> 16.9
A56: =A32 -> Непрограммные расходы главных распорядителей средств бюджета Пятинского сельского поселения Ромодановского муниципального района Республики Мордовия | B56: 920 | C56: 05 | D56: 01 | E56: 89 | J56: =J57 -> 16.9
A57: =A33 -> Непрограммные расходы в рамках обеспечения деятельности главных распорядителей средств бюджета Пятинского сельского поселения Ромодановского муниципального района Республики Мордовия | B57: 920 | C57: 05 | D57: 01 | E57: 89 | F57: 1 | J57: =J58 -> 16.9
A58: Взнос на капитальный ремонт общего имущества в многоквартирном доме | B58: 920 | C58: 05 | D58: 01 | E58: 89 | F58: 1 | G58: 00 | H58: 42360 | J58: =J59 -> 16.9
A59: =A65 -> Закупка товаров, работ и услуг для обеспечения государственных (муниципальных) нужд | B59: 920 | C59: 05 | D59: 01 | E59: 89 | F59: 1 | G59: 00 | H59: 42360 | I59: 200 | J59: =J60 -> 16.9
A60: =A66 -> Иные закупки товаров, работ и услуг для обеспечения государственных (муниципальных) нужд | B60: 920 | C60: 05 | D60: 01 | E60: 89 | F60: 1 | G60: 00 | H60: 42360 | I60: 240 | J60: 16.9
A61: Благоустройство | B61: 920 | C61: 05 | D61: 03 | J61: =J62 -> 495.3 | K61: =K62 -> 221.6 | L61: =L62 -> 235
A62: Муниципальная программа "Комплексного развития социальной инфраструктуры Пятинского сельского поселения Ромодановского муниципального района Республики Мордовия на 2018-2030 года" | B62: 920 | C62: 05 | D62: 03 | E62: 10 | J62: =J67+J63 -> 495.3 | K62: =K67+K63 -> 221.6 | L62: =L67+L63 -> 235
A63: Основное мероприятие "Благоустройство территории " | B63: 920 | C63: 05 | D63: 03 | E63: 10 | F63: 0 | G63: 07 | J63: =J64 -> 330.3 | K63: =K64 -> 110.8 | L63: =L64 -> 117.5
A64: Прочие мероприятия по благоустройству | B64: 920 | C64: 05 | D64: 03 | E64: 10 | F64: 0 | G64: 07 | H64: 43040 | J64: =J65 -> 330.3 | K64: =K65 -> 110.8 | L64: =L65 -> 117.5
A65: Закупка товаров, работ и услуг для обеспечения государственных (муниципальных) нужд | B65: 920 | C65: 05 | D65: 03 | E65: 10 | F65: 0 | G65: 07 | H65: 43040 | I65: 200 | J65: =J66 -> 330.3 | K65: =K66 -> 110.8 | L65: =L66 -> 117.5
A66: Иные закупки товаров, работ и услуг для обеспечения государственных (муниципальных) нужд | B66: 920 | C66: 05 | D66: 03 | E66: 10 | F66: 0 | G66: 07 | H66: 43040 | I66: 240 | J66: 330.3 | K66: 110.8 | L66: 117.5
A67: Основное мероприятие "Освещение территории сельского поселения" | B67: 920 | C67: 05 | D67: 03 | E67: 10 | F67: 0 | G67: 08 | J67: =J68 -> 165 | K67: =K68 -> 110.8 | L67: =L68 -> 117.5
A68: Уличное освещение | B68: 920 | C68: 05 | D68: 03 | E68: 10 | F68: 0 | G68: 08 | H68: 43010 | J68: =J69 -> 165 | K68: =K69 -> 110.8 | L68: =L69 -> 117.5
A69: Закупка товаров, работ и услуг для обеспечения государственных (муниципальных) нужд | B69: 920 | C69: 05 | D69: 03 | E69: 10 | F69: 0 | G69: 08 | H69: 43010 | I69: 200 | J69: =J70 -> 165 | K69: =K70 -> 110.8 | L69: =L70 -> 117.5
A70: Иные закупки товаров, работ и услуг для обеспечения государственных (муниципальных) нужд | B70: 920 | C70: 05 | D70: 03 | E70: 10 | F70: 0 | G70: 08 | H70: 43010 | I70: 240 | J70: 165 | K70: 110.8 | L70: 117.5
A71: Социальная политика | B71: 920 | C71: 10 | J71: =J72 -> 224.5 | K71: =K72 -> 214.6 | L71: =L72 -> 214.6
A72: Пенсионное обеспечение | B72: 920 | C72: 10 | D72: 01 | J72: =J73 -> 224.5 | K72: =K73 -> 214.6 | L72: =L73 -> 214.6
A73: =A32 -> Непрограммные расходы главных распорядителей средств бюджета Пятинского сельского поселения Ромодановского муниципального района Республики Мордовия | B73: 920 | C73: 10 | D73: 01 | E73: 89 | J73: =J74 -> 224.5 | K73: =K74 -> 214.6 | L73: =L74 -> 214.6
A74: =A27 -> Непрограммные расходы в рамках обеспечения деятельности главных распорядителей средств бюджета Пятинского сельского поселения Ромодановского муниципального района Республики Мордовия | B74: 920 | C74: 10 | D74: 01 | E74: 89 | F74: 1 | J74: =J75 -> 224.5 | K74: =K75 -> 214.6 | L74: =L75 -> 214.6
A75: Доплаты к пенсиям муниципальных служащих Республики Мордовия | B75: 920 | C75: 10 | D75: 01 | E75: 89 | F75: 1 | G75: 00 | H75: 03010 | J75: =J76 -> 224.5 | K75: =K76 -> 214.6 | L75: =L76 -> 214.6
A76: Социальное обеспечение и иные выплаты населению | B76: 920 | C76: 10 | D76: 01 | E76: 89 | F76: 1 | G76: 00 | H76: 03010 | I76: 300 | J76: =J77 -> 224.5 | K76: =K77 -> 214.6 | L76: =L77 -> 214.6
A77: Публичные нормативные социальные выплаты гражданам | B77: 920 | C77: 10 | D77: 01 | E77: 89 | F77: 1 | G77: 00 | H77: 03010 | I77: 310 | J77: 224.5 | K77: 214.6 | L77: 214.6
A78: Условно утвержденные расходы | B78: 920 | C78: 99 | J78: =J79 -> 0 | K78: =K79 -> 48.8 | L78: =L79 -> 98.3
A79: Условно утвержденные расходы | B79: 920 | C79: 99 | D79: 99 | J79: =J80 -> 0 | K79: =K80 -> 48.8 | L79: =L80 -> 98.3
A80: =A16 -> Обеспечение деятельности Администрации Пятинского сельского поселения Ромодановского муниципального района Республики Мордовия | B80: 920 | C80: 99 | D80: 99 | E80: 65 | J80: =J81 -> 0 | K80: =K81 -> 48.8 | L80: =L81 -> 98.3
A81: Высшее должностное лицо | B81: 920 | C81: 99 | D81: 99 | E81: 65 | F81: 1 | J81: =J82 -> 0 | K81: =K82 -> 48.8 | L81: =L82 -> 98.3
A82: Условно утвержденные расходы | B82: 920 | C82: 99 | D82: 99 | E82: 65 | F82: 1 | G82: 00 | H82: 41990 | J82: =J83 -> 0 | K82: =K83 -> 48.8 | L82: =L83 -> 98.3
A83: Иные бюджетные ассигнования | B83: 920 | C83: 99 | D83: 99 | E83: 65 | F83: 1 | G83: 00 | H83: 41990 | I83: 800 | J83: =J84 -> 0 | K83: =K84 -> 48.8 | L83: =L84 -> 98.3
A84: Резервные средства | B84: 920 | C84: 99 | D84: 99 | E84: 65 | F84: 1 | G84: 00 | H84: 41990 | I84: 870 | J84: 0 | K84: 48.8 | L84: 98.3

Sheet Приложение 3
H1: Приложение 3 к решению Совета депутатов Пятинского сельского поселения Ромодановского муниципального района Республики Мордовия «О внесении изменений в решение Совета депутатов Пятинского сельского поселения Ромодановского муниципального района Республики Мордовия от 26 декабря 2023 г № 22 «О бюджете Пятинского сельского поселения Ромодановского муниципального района Республики Мордовия на 2024 год и на плановый период 2025 и 2026 годов» Приложение 4 к решению Совета депутатов Пятинского сельского поселения Ромодановского муниципального района Республики Мордовия «О бюджете Пятинского сельского поселения Ромодановского муниципального района Республики Мордовия на 2024 год и на плановый период 2025 и 2026 годов»
A2: РАСПРЕДЕЛЕНИЕ БЮДЖЕТНЫХ АССИГНОВАНИЙ БЮДЖЕТА ПЯТИНСКОГО СЕЛЬСКОГО ПОСЕЛЕНИЯ РОМОДАНОВСКОГО МУНИЦИПАЛЬНОГО РАЙОНА РЕСПУБЛИКИ МОРДОВИЯ ПО РАЗДЕЛАМ, ПОДРАЗДЕЛАМ, ЦЕЛЕВЫМ СТАТЬЯМ (МУНИЦИПАЛЬНЫМ ПРОГРАММАМ И НЕПРОГРАММНЫМ НАПРАВЛЕНИЯМ ДЕЯТЕЛЬНОСТИ), ГРУППАМ И ПОДГРУППАМ ВИДОВ РАСХОДОВ КЛАССИФИКАЦИИ РАСХОДОВ БЮДЖЕТОВ НА 2024 ГОД И НА ПЛАНОВЫЙ ПЕРИОД 2025 И 2026 ГОДОВ
A3: Наименование | B3: Рз | C3: Прз | D3: Цср | H3: Вр | I3: Сумма
I4: 2024 год | J4: 2025 год | K4: 2026 год
A5: 1 | B5: 2 | C5: 3 | D5: 4 | E5: 5 | F5: 6 | G5: 7 | H5: 8 | I5: 9 | J5: 10 | K5: 11
A6: ВСЕГО | I6: =I7+I36+I46+I53+I70 -> 3603.3 | J6: =J7+J36+J46+J53+J70+J77 -> 2099.8 | K6: =K7+K36+K46+K53+K70+K77 -> 2127.4
A7: Общегосударственные вопросы | B7: 01 | I7: =I8+I14+I30 -> 2468.2 | J7: =J8+J14+J30 -> 1202.6 | K7: =K8+K14+K30 -> 1153.2
A8: Функционирование высшего должностного лица субъекта Российской Федерации и муниципального образования | B8: 01 | C8: 02 | I8: =I9 -> 607 | J8: =J9 -> 361.2 | K8: =K9 -> 311.7
A9: ='Приложение 2'!A10 -> Обеспечение деятельности Администрации Пятинского сельского поселения Ромодановского муниципального района Республики Мордовия | B9: 01 | C9: 02 | D9: 65 | I9: =I10 -> 607 | J9: =J10 -> 361.2 | K9: =K10 -> 311.7
A10: Высшее должностное лицо | B10: 01 | C10: 02 | D10: 65 | E10: 1 | I10: =I11 -> 607 | J10: =J11 -> 361.2 | K10: =K11 -> 311.7
A11: Расходы на выплаты по оплате труда высшего должностного лица | B11: 01 | C11: 02 | D11: 65 | E11: 1 | F11: 00 | G11: 41150 | I11: =I12 -> 607 | J11: =J12 -> 361.2 | K11: =K12 -> 311.7
A12: Расходы на выплаты персоналу в целях обеспечения выполнения функций государственными (муниципальными) органами, казенными учреждениями, органами управления государственными внебюджетными фондами | B12: 01 | C12: 02 | D12: 65 | E12: 1 | F12: 00 | G12: 41150 | H12: 100 | I12: =I13 -> 607 | J12: =J13 -> 361.2 | K12: =K13 -> 311.7
A13: Расходы на выплаты персоналу государственных (муниципальных) органов | B13: 01 | C13: 02 | D13: 65 | E13: 1 | F13: 00 | G13: 41150 | H13: 120 | I13: ='Приложение 2'!J14 -> 607 | J13: ='Приложение 2'!K14 -> 361.2 | K13: ='Приложение 2'!L14 -> 311.7
A14: Функционирование Правительства Российской Федерации, высших исполнительных органов государственной власти субъектов Российской Федерации, местных администраций | B14: 01 | C14: 04 | I14: =I15+I25 -> 1856.2 | J14: =J15+J25 -> 836.4 | K14: =K15+K25 -> 836.5
A15: ='Приложение 2'!A16 -> Обеспечение деятельности Администрации Пятинского сельского поселения Ромодановского муниципального района Республики Мордовия | B15: 01 | C15: 04 | D15: 65 | I15: =I16 -> 1855.5 | J15: =J16 -> 835.7 | K15: =K16 -> 835.8
A16: ='Приложение 2'!A17 -> Расходы в рамках обеспечения деятельности Администрации Пятинского сельского поселения | B16: 01 | C16: 04 | D16: 65 | E16: 2 | I16: =I17+I20 -> 1855.5 | J16: =J17+J20 -> 835.7 | K16: =K17+K20 -> 835.8
A17: Расходы на выплаты по оплате труда работников органов местного самоуправления | B17: 01 | C17: 04 | D17: 65 | E17: 2 | F17: 00 | G17: 41110 | I17: =I18 -> 881.1 | J17: =J18 -> 540.7 | K17: =K18 -> 540.8
A18: Расходы на выплаты персоналу в целях обеспечения выполнения функций государственными (муниципальными) органами, казенными учреждениями, органами управления государственными внебюджетными фондами | B18: 01 | C18: 04 | D18: 65 | E18: 2 | F18: 00 | G18: 41110 | H18: 100 | I18: =I19 -> 881.1 | J18: =J19 -> 540.7 | K18: =K19 -> 540.8
A19: Расходы на выплаты персоналу государственных (муниципальных) органов | B19: 01 | C19: 04 | D19: 65 | E19: 2 | F19: 00 | G19: 41110 | H19: 120 | I19: ='Приложение 2'!J20 -> 881.1 | J19: ='Приложение 2'!K20 -> 540.7 | K19: ='Приложение 2'!L20 -> 540.8
A20: Расходы на обеспечение функций органов местного самоуправления | B20: 01 | C20: 04 | D20: 65 | E20: 2 | F20: 00 | G20: 41120 | I20: =+I21+I23 -> 974.4 | J20: =+J21+J23 -> 295 | K20: =+K21+K23 -> 295
A21: Закупка товаров, работ и услуг для обеспечения государственных (муниципальных) нужд | B21: 01 | C21: 04 | D21: 65 | E21: 2 | F21: 00 | G21: 41120 | H21: 200 | I21: =I22 -> 959.4 | J21: =J22 -> 280 | K21: =K22 -> 280
A22: Иные закупки товаров, работ и услуг для обеспечения государственных (муниципальных) нужд | B22: 01 | C22: 04 | D22: 65 | E22: 2 | F22: 00 | G22: 41120 | H22: 240 | I22: ='Приложение 2'!J23 -> 959.4 | J22: ='Приложение 2'!K23 -> 280 | K22: ='Приложение 2'!L23 -> 280
A23: Иные бюджетные ассигнования | B23: 01 | C23: 04 | D23: 65 | E23: 2 | F23: 00 | G23: 41120 | H23: 800 | I23: =I24 -> 15 | J23: =J24 -> 15 | K23: =K24 -> 15
A24: Уплата налогов, сборов и иных платежей | B24: 01 | C24: 04 | D24: 65 | E24: 2 | F24: 00 | G24: 41120 | H24: 850 | I24: ='Приложение 2'!J25 -> 15 | J24: ='Приложение 2'!K25 -> 15 | K24: ='Приложение 2'!L25 -> 15
A25: Непрограммные расходы главных распорядителей средств бюджета Пятинского сельского поселения Ромодановского муниципального района Республики Мордовия | B25: 01 | C25: 04 | D25: 89 | I25: =I26 -> 0.7 | J25: =J26 -> 0.7 | K25: =K26 -> 0.7
A26: Непрограммные расходы в рамках обеспечения деятельности главных распорядителей средств бюджета Пятинского сельского поселения Ромодановского муниципального района Республики Мордовия | B26: 01 | C26: 04 | D26: 89 | E26: 1 | I26: =I27 -> 0.7 | J26: =J27 -> 0.7 | K26: =K27 -> 0.7
A27: Осуществление государственных полномочий Республики Мордовия по определению перечня должностных лиц, уполномоченных составлять протоколы об административных правонарушениях, предусмотренных Законом Республики Мордовия от 15 июня 2015 года № 38-З "Об административной ответственности на территории Республики Мордовия" | B27: 01 | C27: 04 | D27: 89 | E27: 1 | F27: 00 | G27: 77150 | I27: =I28 -> 0.7 | J27: =J28 -> 0.7 | K27: =K28 -> 0.7
A28: Закупка товаров, работ и услуг для обеспечения государственных (муниципальных) нужд | B28: 01 | C28: 04 | D28: 89 | E28: 1 | F28: 00 | G28: 77150 | H28: 200 | I28: =I29 -> 0.7 | J28: =J29 -> 0.7 | K28: =K29 -> 0.7
A29: Иные закупки товаров, работ и услуг для обеспечения государственных (муниципальных) нужд | B29: 01 | C29: 04 | D29: 89 | E29: 1 | F29: 00 | G29: 77150 | H29: 240 | I29: ='Приложение 2'!J30 -> 0.7 | J29: ='Приложение 2'!K30 -> 0.7 | K29: ='Приложение 2'!L30 -> 0.7
A30: Резервные фонды | B30: 01 | C30: 11 | I30: =I31 -> 5 | J30: =J31 -> 5 | K30: =K31 -> 5
A31: =A25 -> Непрограммные расходы главных распорядителей средств бюджета Пятинского сельского поселения Ромодановского муниципального района Республики Мордовия | B31: 01 | C31: 11 | D31: 89 | I31: =I32 -> 5 | J31: =J32 -> 5 | K31: =K32 -> 5
A32: =A26 -> Непрограммные расходы в рамках обеспечения деятельности главных распорядителей средств бюджета Пятинского сельского поселения Ромодановского муниципального района Республики Мордовия | B32: 01 | C32: 11 | D32: 89 | E32: 1 | I32: =I33 -> 5 | J32: =J33 -> 5 | K32: =K33 -> 5
A33: ='Приложение 2'!A34 -> Резервный фонд администрации Пятинского сельского поселени Ромодановского муниципального района Республики Мордовия | B33: 01 | C33: 11 | D33: 89 | E33: 1 | F33: 00 | G33: 41180 | I33: =I35 -> 5 | J33: =J35 -> 5 | K33: =K35 -> 5
A34: Иные бюджетные ассигнования | B34: 01 | C34: 11 | D34: 89 | E34: 1 | F34: 00 | G34: 41180 | H34: 800 | I34: =I35 -> 5 | J34: =J35 -> 5 | K34: =K35 -> 5
A35: Резервные средства | B35: 01 | C35: 11 | D35: 89 | E35: 1 | F35: 00 | G35: 41180 | H35: 870 | I35: ='Приложение 2'!J36 -> 5 | J35: ='Приложение 2'!K36 -> 5 | K35: ='Приложение 2'!L36 -> 5
A36: Национальная оборона | B36: 02 | I36: =I37 -> 131.9 | J36: =J37 -> 145.7 | K36: =K37 -> 159.8
A37: Мобилизационная и вневойсковая подготовка | B37: 02 | C37: 03 | I37: =I38 -> 131.9 | J37: =J38 -> 145.7 | K37: =K38 -> 159.8
A38: ='Приложение 2'!A39 -> Государственная программа повышения эффективности управления государственными финансами в Республике Мордовия | B38: 02 | C38: 03 | D38: 17 | I38: =I39 -> 131.9 | J38: =J39 -> 145.7 | K38: =K39 -> 159.8
A39: Подпрограмма "Повышения эффективности межбюджетных отношений" | B39: 02 | C39: 03 | D39: 17 | E39: 3 | I39: =I40 -> 131.9 | J39: =J40 -> 145.7 | K39: =K40 -> 159.8
A40: ='Приложение 2'!A41 -> Основное мероприятие "Обеспечение и осуществления органами местного самоуправления отдельных государственных полномочий" | B40: 02 | C40: 03 | D40: 17 | E40: 3 | F40: 02 | I40: =I41 -> 131.9 | J40: =J41 -> 145.7 | K40: =K41 -> 159.8
A41: ='Приложение 2'!A42 -> Осуществление государственных полномочий Российской Федерации по воинскому учету в поселениях, на территориях которых отсутствуют структурные подразделения военных комиссариатов | B41: 02 | C41: 03 | D41: 17 | E41: 3 | F41: 02 | G41: 51180 | I41: =I44+I42 -> 131.9 | J41: =J44+J42 -> 145.7 | K41: =K44+K42 -> 159.8
A42: Расходы на выплаты персоналу в целях обеспечения выполнения функций государственными (муниципальными) органами, казенными учреждениями, органами управления государственными внебюджетными фондами | B42: 02 | C42: 03 | D42: 17 | E42: 3 | F42: 02 | G42: 51180 | H42: 100 | I42: =I43 -> 126.9 | J42: =J43 -> 140.7 | K42: =K43 -> 154.8
A43: Расходы на выплаты персоналу государственных (муниципальных) органов | B43: 02 | C43: 03 | D43: 17 | E43: 3 | F43: 02 | G43: 51180 | H43: 120 | I43: ='Приложение 2'!J44 -> 126.9 | J43: ='Приложение 2'!K44 -> 140.7 | K43: ='Приложение 2'!L44 -> 154.8
A44: Закупка товаров, работ и услуг для обеспечения государственных (муниципальных) нужд | B44: 02 | C44: 03 | D44: 17 | E44: 3 | F44: 02 | G44: 51180 | H44: 200 | I44: =I45 -> 5 | J44: =J45 -> 5 | K44: =K45 -> 5
A45: Иные закупки товаров, работ и услуг для обеспечения государственных (муниципальных) нужд | B45: 02 | C45: 03 | D45: 17 | E45: 3 | F45: 02 | G45: 51180 | H45: 240 | I45: ='Приложение 2'!J46 -> 5 | J45: ='Приложение 2'!K46 -> 5 | K45: ='Приложение 2'!L46 -> 5
A46: Национальная экономика | B46: 04 | I46: =I47 -> 266.5 | J46: =J47 -> 266.5 | K46: =K47 -> 266.5
A47: Дорожное хозяйство (дорожные фонды) | B47: 04 | C47: 09 | I47: =I48 -> 266.5 | J47: =J48 -> 266.5 | K47: =K48 -> 266.5
A48: ='Приложение 2'!A49 -> Муниципальная программа "Комплексного развития транспортной инфраструктуры Пятинского сельского поселения Ромодановского муниципального района Республики Мордовия на 2018- 2030 года" | B48: 04 | C48: 09 | D48: 13 | I48: =I49 -> 266.5 | J48: =J49 -> 266.5 | K48: =K49 -> 266.5
A49: ='Приложение 2'!A41 -> Основное мероприятие "Обеспечение и осуществления органами местного самоуправления отдельных государственных полномочий" | B49: 04 | C49: 09 | D49: 13 | E49: 0 | F49: 01 | I49: =I50 -> 266.5 | J49: =J50 -> 266.5 | K49: =K50 -> 266.5
A50: ='Приложение 2'!A51 -> Иные межбюджетные трансферты на осуществление полномочий по дорожной деятельности в отношении автомобильных дорог местного значения в границах населенных пунктов поселения и обеспечению безопасности дорожного движения на них, включая создание и обеспечение функционирования парковок (парковочных мест), осуществлению муниципального контроля на автомобильном транспорте, городском наземном электрическом транспорте и в дорожном хозяйстве в границах населенных пунктов поселения, организации дорожного движения, а также осуществлению иных полномочий в области использования автомобильных дорог и осуществления дорожной деятельности в соответствии с законодательством Российской Федерации | B50: 04 | C50: 09 | D50: 13 | E50: 0 | F50: 01 | G50: 44102 | I50: =I51 -> 266.5 | J50: =J51 -> 266.5 | K50: =K51 -> 266.5
A51: Закупка товаров, работ и услуг для обеспечения государственных (муниципальных) нужд | B51: 04 | C51: 09 | D51: 13 | E51: 0 | F51: 01 | G51: 44102 | H51: 200 | I51: =I52 -> 266.5 | J51: =J52 -> 266.5 | K51: =K52 -> 266.5
A52: Иные закупки товаров, работ и услуг для обеспечения государственных (муниципальных) нужд | B52: 04 | C52: 09 | D52: 13 | E52: 0 | F52: 01 | G52: 44102 | H52: 240 | I52: ='Приложение 2'!J53 -> 266.5 | J52: ='Приложение 2'!K53 -> 266.5 | K52: ='Приложение 2'!L53 -> 266.5
A53: Жилищно-коммунальное хозяйство | B53: 05 | I53: =I60+I54 -> 512.2 | J53: =J60 -> 221.6 | K53: =K60 -> 235
A54: ='Приложение 2'!A55 -> Жилищное хозяйство | B54: 05 | C54: 01 | I54: =I55 -> 16.9
A55: ='Приложение 2'!A56 -> Непрограммные расходы главных распорядителей средств бюджета Пятинского сельского поселения Ромодановского муниципального района Республики Мордовия | B55: 05 | C55: 01 | D55: 89 | I55: =I56 -> 16.9
A56: ='Приложение 2'!A57 -> Непрограммные расходы в рамках обеспечения деятельности главных распорядителей средств бюджета Пятинского сельского поселения Ромодановского муниципального района Республики Мордовия | B56: 05 | C56: 01 | D56: 89 | E56: 1 | I56: =I57 -> 16.9
A57: ='Приложение 2'!A58 -> Взнос на капитальный ремонт общего имущества в многоквартирном доме | B57: 05 | C57: 01 | D57: 89 | E57: 1 | F57: 00 | G57: 42360 | I57: =I58 -> 16.9
A58: ='Приложение 2'!A59 -> Закупка товаров, работ и услуг для обеспечения государственных (муниципальных) нужд | B58: 05 | C58: 01 | D58: 89 | E58: 1 | F58: 00 | G58: 42360 | H58: 200 | I58: =I59 -> 16.9
A59: ='Приложение 2'!A60 -> Иные закупки товаров, работ и услуг для обеспечения государственных (муниципальных) нужд | B59: 05 | C59: 01 | D59: 89 | E59: 1 | F59: 00 | G59: 42360 | H59: 240 | I59: ='Приложение 2'!J60 -> 16.9
A60: Благоустройство | B60: 05 | C60: 03 | I60: =I61 -> 495.3 | J60: =J61 -> 221.6 | K60: =K61 -> 235
A61: ='Приложение 2'!A62 -> Муниципальная программа "Комплексного развития социальной инфраструктуры Пятинского сельского поселения Ромодановского муниципального района Республики Мордовия на 2018-2030 года" | B61: 05 | C61: 03 | D61: 10 | I61: =I66+I62 -> 495.3 | J61: =J66+J62 -> 221.6 | K61: =K66+K62 -> 235
A62: ='Приложение 2'!A63 -> Основное мероприятие "Благоустройство территории " | B62: 05 | C62: 03 | D62: 10 | E62: 0 | F62: 07 | I62: =I63 -> 330.3 | J62: =J63 -> 110.8 | K62: =K63 -> 117.5
A63: Прочие мероприятия по благоустройству | B63: 05 | C63: 03 | D63: 10 | E63: 0 | F63: 07 | G63: 43040 | I63: =I64 -> 330.3 | J63: =J64 -> 110.8 | K63: =K64 -> 117.5
A64: Закупка товаров, работ и услуг для обеспечения государственных (муниципальных) нужд | B64: 05 | C64: 03 | D64: 10 | E64: 0 | F64: 07 | G64: 43040 | H64: 200 | I64: =I65 -> 330.3 | J64: =J65 -> 110.8 | K64: =K65 -> 117.5
A65: Иные закупки товаров, работ и услуг для обеспечения государственных (муниципальных) нужд | B65: 05 | C65: 03 | D65: 10 | E65: 0 | F65: 07 | G65: 43040 | H65: 240 | I65: ='Приложение 2'!J66 -> 330.3 | J65: ='Приложение 2'!K66 -> 110.8 | K65: ='Приложение 2'!L66 -> 117.5
A66: ='Приложение 2'!A67 -> Основное мероприятие "Освещение территории сельского поселения" | B66: 05 | C66: 03 | D66: 10 | E66: 0 | F66: 08 | I66: =I67 -> 165 | J66: =J67 -> 110.8 | K66: =K67 -> 117.5
A67: Уличное освещение | B67: 05 | C67: 03 | D67: 10 | E67: 0 | F67: 08 | G67: 43010 | I67: =I68 -> 165 | J67: =J68 -> 110.8 | K67: =K68 -> 117.5
A68: Закупка товаров, работ и услуг для обеспечения государственных (муниципальных) нужд | B68: 05 | C68: 03 | D68: 10 | E68: 0 | F68: 08 | G68: 43010 | H68: 200 | I68: =I69 -> 165 | J68: =J69 -> 110.8 | K68: =K69 -> 117.5
A69: Иные закупки товаров, работ и услуг для обеспечения государственных (муниципальных) нужд | B69: 05 | C69: 03 | D69: 10 | E69: 0 | F69: 08 | G69: 43010 | H69: 240 | I69: ='Приложение 2'!J70 -> 165 | J69: ='Приложение 2'!K70 -> 110.8 | K69: ='Приложение 2'!L70 -> 117.5
A70: Социальная политика | B70: 10 | I70: =I71 -> 224.5 | J70: =J71 -> 214.6 | K70: =K71 -> 214.6
A71: Пенсионное обеспечение | B71: 10 | C71: 01 | I71: =I72 -> 224.5 | J71: =J72 -> 214.6 | K71: =K72 -> 214.6
A72: =A25 -> Непрограммные расходы главных распорядителей средств бюджета Пятинского сельского поселения Ромодановского муниципального района Республики Мордовия | B72: 10 | C72: 01 | D72: 89 | I72: =I73 -> 224.5 | J72: =J73 -> 214.6 | K72: =K73 -> 214.6
A73: =A32 -> Непрограммные расходы в рамках обеспечения деятельности главных распорядителей средств бюджета Пятинского сельского поселения Ромодановского муниципального района Республики Мордовия | B73: 10 | C73: 01 | D73: 89 | E73: 1 | I73: =I74 -> 224.5 | J73: =J74 -> 214.6 | K73: =K74 -> 214.6
A74: Доплаты к пенсиям муниципальных служащих Республики Мордовия | B74: 10 | C74: 01 | D74: 89 | E74: 1 | F74: 00 | G74: 03010 | I74: =I75 -> 224.5 | J74: =J75 -> 214.6 | K74: =K75 -> 214.6
A75: Социальное обеспечение и иные выплаты населению | B75: 10 | C75: 01 | D75: 89 | E75: 1 | F75: 00 | G75: 03010 | H75: 300 | I75: =I76 -> 224.5 | J75: =J76 -> 214.6 | K75: =K76 -> 214.6
A76: Публичные нормативные социальные выплаты гражданам | B76: 10 | C76: 01 | D76: 89 | E76: 1 | F76: 00 | G76: 03010 | H76: 310 | I76: ='Приложение 2'!J77 -> 224.5 | J76: ='Приложение 2'!K77 -> 214.6 | K76: ='Приложение 2'!L77 -> 214.6
A77: ='Приложение 2'!A78 -> Условно утвержденные расходы | B77: 99 | J77: ='Приложение 2'!K78 -> 48.8 | K77: ='Приложение 2'!L78 -> 98.3
A78: ='Приложение 2'!A79 -> Условно утвержденные расходы | B78: 99 | C78: 99 | J78: ='Приложение 2'!K79 -> 48.8 | K78: ='Приложение 2'!L79 -> 98.3
A79: ='Приложение 2'!A80 -> Обеспечение деятельности Администрации Пятинского сельского поселения Ромодановского муниципального района Республики Мордовия | B79: 99 | C79: 99 | D79: 65 | J79: ='Приложение 2'!K80 -> 48.8 | K79: ='Приложение 2'!L80 -> 98.3
A80: ='Приложение 2'!A81 -> Высшее должностное лицо | B80: 99 | C80: 99 | D80: 65 | E80: 1 | J80: ='Приложение 2'!K81 -> 48.8 | K80: ='Приложение 2'!L81 -> 98.3
A81: ='Приложение 2'!A82 -> Условно утвержденные расходы | B81: 99 | C81: 99 | D81: 65 | E81: 1 | F81: 00 | G81: 41990 | J81: ='Приложение 2'!K82 -> 48.8 | K81: ='Приложение 2'!L82 -> 98.3
A82: ='Приложение 2'!A83 -> Иные бюджетные ассигнования | B82: 99 | C82: 99 | D82: 65 | E82: 1 | F82: 00 | G82: 41990 | H82: 800 | J82: ='Приложение 2'!K83 -> 48.8 | K82: ='Приложение 2'!L83 -> 98.3
A83: ='Приложение 2'!A84 -> Резервные средства | B83: 99 | C83: 99 | D83: 65 | E83: 1 | F83: 00 | G83: 41990 | H83: 870 | J83: ='Приложение 2'!K84 -> 48.8 | K83: ='Приложение 2'!L84 -> 98.3

Sheet Приложение 4
I1: Приложение 4 к решению Совета депутатов Пятинского сельского поселения Ромодановского муниципального района Республики Мордовия «О внесении изменений в решение Совета депутатов Пятинского сельского поселения Ромодановского муниципального района Республики Мордовия от 26 декабря 2023 г № 22 «О бюджете Пятинского сельского поселения Ромодановского муниципального района Республики Мордовия на 2024 год и на плановый период 2025 и 2026 годов» Приложение 5 к решению Совета депутатов Пятинского сельского поселения Ромодановского муниципального района Республики Мордовия «О бюджете Пятинского сельского поселения Ромодановского муниципального района Республики Мордовия на 2024 год и на плановый период 2025 и 2026 годов»
A2: РАСПРЕДЕЛЕНИЕ БЮДЖЕТНЫХ АССИГНОВАНИЙ БЮДЖЕТА ПЯТИНСКОГО СЕЛЬСКОГО ПОСЕЛЕНИЯ РОМОДАНОВСКОГО МУНИЦИПАЛЬНОГО РАЙОНА РЕСПУБЛИКИ МОРДОВИЯ ПО ЦЕЛЕВЫМ СТАТЬЯМ (МУНИЦИПАЛЬНЫМ ПРОГРАММАМ И НЕПРОГРАММНЫМ НАПРАВЛЕНИЯМ ДЕЯТЕЛЬНОСТИ), ГРУППАМ И ПОДГРУППАМ ВИДОВ РАСХОДОВ, РАЗДЕЛАМ И ПОДРАЗДЕЛАМ КЛАССИФИКАЦИИ РАСХОДОВ БЮДЖЕТОВ НА 2024 ГОД И НА ПЛАНОВЫЙ ПЕРИОД 2025 И 2026 ГОДОВ
I3: (тыс. рублей)
A4: Наименование | B4: Цср | F4: ВР | G4: Рз | H4: Прз | I4: Адм | J4: Сумма
J5: 2024 год | K5: 2025 год | L5: 2026 год
A6: 1 | B6: 2 | C6: 3 | D6: 4 | E6: 5 | F6: 6 | G6: 7 | H6: 8 | I6: 9 | J6: 10 | K6: 11 | L6: 12
A7: ВСЕГО | J7: =J8+J23+J31+J45+J77 -> 3603.3 | K7: =K23+K8+K31+K45+K77 -> 2099.8 | L7: =L23+L8+L31+L45+L77 -> 2127.4
A8: ='Приложение 2'!A62 -> Муниципальная программа "Комплексного развития социальной инфраструктуры Пятинского сельского поселения Ромодановского муниципального района Республики Мордовия на 2018-2030 года" | B8: 10 | J8: =J16+J9 -> 495.3 | K8: =K16+K9 -> 221.6 | L8: =+L16+L9 -> 235
A9: ='Приложение 2'!A63 -> Основное мероприятие "Благоустройство территории " | B9: 10 | C9: 0 | D9: 07 | J9: =J10 -> 330.3 | K9: =K10 -> 110.8 | L9: =L10 -> 117.5
A10: ='Приложение 2'!A64 -> Прочие мероприятия по благоустройству | B10: 10 | C10: 0 | D10: 07 | E10: 43040 | J10: =J11 -> 330.3 | K10: =K11 -> 110.8 | L10: =L11 -> 117.5
A11: Закупка товаров, работ и услуг для обеспечения государственных (муниципальных) нужд | B11: 10 | C11: 0 | D11: 07 | E11: 43040 | F11: 200 | J11: =J12 -> 330.3 | K11: =K12 -> 110.8 | L11: =L12 -> 117.5
A12: Иные закупки товаров, работ и услуг для обеспечения государственных (муниципальных) нужд | B12: 10 | C12: 0 | D12: 07 | E12: 43040 | F12: 240 | J12: =J13 -> 330.3 | K12: =K13 -> 110.8 | L12: =L13 -> 117.5
A13: Жилищно-коммунальное хозяйство | B13: 10 | C13: 0 | D13: 07 | E13: 43040 | F13: 240 | G13: 05 | J13: =J14 -> 330.3 | K13: =K14 -> 110.8 | L13: =L14 -> 117.5
A14: Благоустройство | B14: 10 | C14: 0 | D14: 07 | E14: 43040 | F14: 240 | G14: 05 | H14: 03 | J14: =J15 -> 330.3 | K14: =K15 -> 110.8 | L14: =L15 -> 117.5
A15: Администрация Пятинского сельского поселения Ромодановского муниципального района Республики Мордовия | B15: 10 | C15: 0 | D15: 07 | E15: 43040 | F15: 240 | G15: 05 | H15: 03 | I15: 920 | J15: ='Приложение 2'!J66 -> 330.3 | K15: ='Приложение 2'!K66 -> 110.8 | L15: ='Приложение 2'!L66 -> 117.5
A16: ='Приложение 2'!A67 -> Основное мероприятие "Освещение территории сельского поселения" | B16: 10 | C16: 0 | D16: 08 | J16: =J17 -> 165 | K16: =K17 -> 110.8 | L16: =L17 -> 117.5
A17: Уличное освещение | B17: 10 | C17: 0 | D17: 08 | E17: 43010 | J17: =J18 -> 165 | K17: =K18 -> 110.8 | L17: =L18 -> 117.5
A18: Закупка товаров, работ и услуг для обеспечения государственных (муниципальных) нужд | B18: 10 | C18: 0 | D18: 08 | E18: 43010 | F18: 200 | J18: =J19 -> 165 | K18: =K19 -> 110.8 | L18: =L19 -> 117.5
A19: Иные закупки товаров, работ и услуг для обеспечения государственных (муниципальных) нужд | B19: 10 | C19: 0 | D19: 08 | E19: 43010 | F19: 240 | J19: =J20 -> 165 | K19: =K20 -> 110.8 | L19: =L20 -> 117.5
A20: Жилищно-коммунальное хозяйство | B20: 10 | C20: 0 | D20: 08 | E20: 43010 | F20: 240 | G20: 05 | J20: =J21 -> 165 | K20: =K21 -> 110.8 | L20: =L21 -> 117.5
A21: Благоустройство | B21: 10 | C21: 0 | D21: 08 | E21: 43010 | F21: 240 | G21: 05 | H21: 03 | J21: =J22 -> 165 | K21: =K22 -> 110.8 | L21: =L22 -> 117.5
A22: Администрация Пятинского сельского поселения Ромодановского муниципального района Республики Мордовия | B22: 10 | C22: 0 | D22: 08 | E22: 43010 | F22: 240 | G22: 05 | H22: 03 | I22: 920 | J22: ='Приложение 2'!J70 -> 165 | K22: ='Приложение 2'!K70 -> 110.8 | L22: ='Приложение 2'!L70 -> 117.5
A23: ='Приложение 2'!A49 -> Муниципальная программа "Комплексного развития транспортной инфраструктуры Пятинского сельского поселения Ромодановского муниципального района Республики Мордовия на 2018- 2030 года" | B23: 13 | J23: =J24 -> 266.5 | K23: =K24 -> 266.5 | L23: =L24 -> 266.5
A24: ='Приложение 2'!A50 -> Основное мероприятие "Ремонт и содержание дорог в границах поселения, поддержание дорожного полотна в работоспособном состоянии " | B24: 13 | C24: 0 | D24: 01 | J24: =J25 -> 266.5 | K24: =K25 -> 266.5 | L24: =L25 -> 266.5
A25: ='Приложение 2'!A51 -> Иные межбюджетные трансферты на осуществление полномочий по дорожной деятельности в отношении автомобильных дорог местного значения в границах населенных пунктов поселения и обеспечению безопасности дорожного движения на них, включая создание и обеспечение функционирования парковок (парковочных мест), осуществлению муниципального контроля на автомобильном транспорте, городском наземном электрическом транспорте и в дорожном хозяйстве в границах населенных пунктов поселения, организации дорожного движения, а также осуществлению иных полномочий в области использования автомобильных дорог и осуществления дорожной деятельности в соответствии с законодательством Российской Федерации | B25: 13 | C25: 0 | D25: 01 | E25: 44102 | J25: =J26 -> 266.5 | K25: =K26 -> 266.5 | L25: =L26 -> 266.5
A26: Закупка товаров, работ и услуг для обеспечения государственных (муниципальных) нужд | B26: 13 | C26: 0 | D26: 01 | E26: 44102 | F26: 200 | J26: =J27 -> 266.5 | K26: =K27 -> 266.5 | L26: =L27 -> 266.5
A27: Иные закупки товаров, работ и услуг для обеспечения государственных (муниципальных) нужд | B27: 13 | C27: 0 | D27: 01 | E27: 44102 | F27: 240 | J27: =J28 -> 266.5 | K27: =K28 -> 266.5 | L27: =L28 -> 266.5
A28: Национальная экономика | B28: 13 | C28: 0 | D28: 01 | E28: 44102 | F28: 240 | G28: 04 | J28: =J29 -> 266.5 | K28: =K29 -> 266.5 | L28: =L29 -> 266.5
A29: ='Приложение 2'!A48 -> Дорожное хозяйство (дорожные фонды) | B29: 13 | C29: 0 | D29: 01 | E29: 44102 | F29: 240 | G29: 04 | H29: 09 | J29: =J30 -> 266.5 | K29: =K30 -> 266.5 | L29: =L30 -> 266.5
A30: Администрация Пятинского сельского поселения Ромодановского муниципального района Республики Мордовия | B30: 13 | C30: 0 | D30: 01 | E30: 44102 | F30: 240 | G30: 04 | H30: 09 | I30: 920 | J30: ='Приложение 2'!J53 -> 266.5 | K30: ='Приложение 2'!K53 -> 266.5 | L30: ='Приложение 2'!L53 -> 266.5
A31: ='Приложение 2'!A39 -> Государственная программа повышения эффективности управления государственными финансами в Республике Мордовия | B31: 17 | J31: =J32 -> 131.9 | K31: =K32 -> 145.7 | L31: =L32 -> 159.8
A32: Подпрограмма "Повышения эффективности межбюджетных отношений" | B32: 17 | C32: 3 | J32: =J33 -> 131.9 | K32: =K33 -> 145.7 | L32: =L33 -> 159.8
A33: ='Приложение 2'!A41 -> Основное мероприятие "Обеспечение и осуществления органами местного самоуправления отдельных государственных полномочий" | B33: 17 | C33: 3 | D33: 02 | J33: =J34 -> 131.9 | K33: =K34 -> 145.7 | L33: =L34 -> 159.8
A34: ='Приложение 2'!A42 -> Осуществление государственных полномочий Российской Федерации по воинскому учету в поселениях, на территориях которых отсутствуют структурные подразделения военных комиссариатов | B34: 17 | C34: 3 | D34: 02 | E34: 51180 | J34: =J40+J35 -> 131.9 | K34: =K40+K35 -> 145.7 | L34: =L40+L35 -> 159.8
A35: Расходы на выплаты персоналу в целях обеспечения выполнения функций государственными (муниципальными) органами, казенными учреждениями, органами управления государственными внебюджетными фондами | B35: 17 | C35: 3 | D35: 02 | E35: 51180 | F35: 100 | J35: =J36 -> 126.9 | K35: =K36 -> 140.7 | L35: =L36 -> 154.8
A36: Расходы на выплаты персоналу государственных (муниципальных) органов | B36: 17 | C36: 3 | D36: 02 | E36: 51180 | F36: 120 | J36: =J37 -> 126.9 | K36: =K37 -> 140.7 | L36: =L37 -> 154.8
A37: Национальная оборона | B37: 17 | C37: 3 | D37: 02 | E37: 51180 | F37: 120 | G37: 02 | J37: =J38 -> 126.9 | K37: =K38 -> 140.7 | L37: =L38 -> 154.8
A38: Мобилизационная и вневойсковая подготовка | B38: 17 | C38: 3 | D38: 02 | E38: 51180 | F38: 120 | G38: 02 | H38: 03 | J38: =J39 -> 126.9 | K38: =K39 -> 140.7 | L38: =L39 -> 154.8
A39: Администрация Пятинского сельского поселения Ромодановского муниципального района Республики Мордовия | B39: 17 | C39: 3 | D39: 02 | E39: 51180 | F39: 120 | G39: 02 | H39: 03 | I39: 920 | J39: ='Приложение 2'!J44 -> 126.9 | K39: ='Приложение 2'!K44 -> 140.7 | L39: ='Приложение 2'!L44 -> 154.8
A40: Закупка товаров, работ и услуг для обеспечения государственных (муниципальных) нужд | B40: 17 | C40: 3 | D40: 02 | E40: 51180 | F40: 200 | J40: =J41 -> 5 | K40: =K41 -> 5 | L40: =L41 -> 5
A41: Иные закупки товаров, работ и услуг для обеспечения государственных (муниципальных) нужд | B41: 17 | C41: 3 | D41: 02 | E41: 51180 | F41: 240 | J41: =J42 -> 5 | K41: =K42 -> 5 | L41: =L42 -> 5
A42: Национальная оборона | B42: 17 | C42: 3 | D42: 02 | E42: 51180 | F42: 240 | G42: 02 | J42: =J43 -> 5 | K42: =K43 -> 5 | L42: =L43 -> 5
A43: Мобилизация и вневойсковая подготовка | B43: 17 | C43: 3 | D43: 02 | E43: 51180 | F43: 240 | G43: 02 | H43: 03 | J43: =J44 -> 5 | K43: =K44 -> 5 | L43: =L44 -> 5
A44: Администрация Пятинского сельского поселения Ромодановского муниципального района Республики Мордовия | B44: 17 | C44: 3 | D44: 02 | E44: 51180 | F44: 240 | G44: 02 | H44: 03 | I44: 920 | J44: ='Приложение 2'!J46 -> 5 | K44: ='Приложение 2'!K46 -> 5 | L44: ='Приложение 2'!L46 -> 5
A45: ='Приложение 2'!A10 -> Обеспечение деятельности Администрации Пятинского сельского поселения Ромодановского муниципального района Республики Мордовия | B45: 65 | J45: =J46+J59 -> 2462.5 | K45: =K46+K59 -> 1245.7 | L45: =L46+L59 -> 1245.8
A46: Высшее должностное лицо | B46: 65 | C46: 1 | J46: =J47 -> 607 | K46: =K47+K53 -> 410 | L46: =L47+L53 -> 410
A47: Расходы на выплаты по оплате труда высшего должностного лица | B47: 65 | C47: 1 | D47: 00 | E47: 41150 | J47: =J48 -> 607 | K47: =K48 -> 361.2 | L47: =L48 -> 311.7
A48: Расходы на выплаты персоналу в целях обеспечения выполнения функций государственными (муниципальными) органами, казенными учреждениями, органами управления государственными внебюджетными фондами | B48: 65 | C48: 1 | D48: 00 | E48: 41150 | F48: 100 | J48: =J49 -> 607 | K48: =K49 -> 361.2 | L48: =L49 -> 311.7
A49: Расходы на выплаты персоналу государственных (муниципальных) органов | B49: 65 | C49: 1 | D49: 00 | E49: 41150 | F49: 120 | J49: =J50 -> 607 | K49: =K50 -> 361.2 | L49: =L50 -> 311.7
A50: Общегосударственные вопросы | B50: 65 | C50: 1 | D50: 00 | E50: 41150 | F50: 120 | G50: 01 | J50: =J51 -> 607 | K50: =K51 -> 361.2 | L50: =L51 -> 311.7
A51: Функционирование высшего должностного лица субъекта Российской Федерации и муниципального образования | B51: 65 | C51: 1 | D51: 00 | E51: 41150 | F51: 120 | G51: 01 | H51: 02 | J51: =J52 -> 607 | K51: =K52 -> 361.2 | L51: =L52 -> 311.7
A52: Администрация Пятинского сельского поселения Ромодановского муниципального района Республики Мордовия | B52: 65 | C52: 1 | D52: 00 | E52: 41150 | F52: 120 | G52: 01 | H52: 02 | I52: 920 | J52: ='Приложение 2'!J14 -> 607 | K52: ='Приложение 2'!K14 -> 361.2 | L52: ='Приложение 2'!L14 -> 311.7
A53: ='Приложение 3'!A81 -> Условно утвержденные расходы | B53: 65 | C53: 1 | D53: 00 | E53: 41990 | K53: =K54 -> 48.8 | L53: =L54 -> 98.3
A54: ='Приложение 3'!A82 -> Иные бюджетные ассигнования | B54: 65 | C54: 1 | D54: 00 | E54: 41990 | F54: 800 | K54: =K55 -> 48.8 | L54: =L55 -> 98.3
A55: ='Приложение 3'!A83 -> Резервные средства | B55: 65 | C55: 1 | D55: 00 | E55: 41990 | F55: 870 | K55: =K56 -> 48.8 | L55: =L56 -> 98.3
A56: ='Приложение 3'!A77 -> Условно утвержденные расходы | B56: 65 | C56: 1 | D56: 00 | E56: 41990 | F56: 870 | G56: 99 | K56: =K57 -> 48.8 | L56: =L57 -> 98.3
A57: ='Приложение 3'!A78 -> Условно утвержденные расходы | B57: 65 | C57: 1 | D57: 00 | E57: 41990 | F57: 870 | G57: 99 | H57: 99 | K57: =K58 -> 48.8 | L57: =L58 -> 98.3
A58: Администрация Пятинского сельского поселения Ромодановского муниципального района Республики Мордовия | B58: 65 | C58: 1 | D58: 00 | E58: 41990 | F58: 870 | G58: 99 | H58: 99 | I58: 920 | K58: ='Приложение 3'!J83 -> 48.8 | L58: ='Приложение 3'!K83 -> 98.3
A59: ='Приложение 2'!A17 -> Расходы в рамках обеспечения деятельности Администрации Пятинского сельского поселения | B59: 65 | C59: 2 | J59: =J60+J66 -> 1855.5 | K59: =K60+K66 -> 835.7 | L59: =L60+L66 -> 835.8
A60: Расходы на выплаты по оплате труда работников органов местного самоуправления | B60: 65 | C60: 2 | D60: 00 | E60: 41110 | J60: =J61 -> 881.1 | K60: =K61 -> 540.7 | L60: =L61 -> 540.8
A61: Расходы на выплаты персоналу в целях обеспечения выполнения функций государственными (муниципальными) органами, казенными учреждениями, органами управления государственными внебюджетными фондами | B61: 65 | C61: 2 | D61: 00 | E61: 41110 | F61: 100 | J61: =J62 -> 881.1 | K61: =K62 -> 540.7 | L61: =L62 -> 540.8
A62: Расходы на выплаты персоналу государственных (муниципальных) органов | B62: 65 | C62: 2 | D62: 00 | E62: 41110 | F62: 120 | J62: =J63 -> 881.1 | K62: =K63 -> 540.7 | L62: =L63 -> 540.8
A63: Общегосударственные вопросы | B63: 65 | C63: 2 | D63: 00 | E63: 41110 | F63: 120 | G63: 01 | J63: =J64 -> 881.1 | K63: =K64 -> 540.7 | L63: =L64 -> 540.8
A64: Функционирование Правительства Российской Федерации, высших исполнительных органов государственной власти субъектов Российской Федерации, местных администраций | B64: 65 | C64: 2 | D64: 00 | E64: 41110 | F64: 120 | G64: 01 | H64: 04 | J64: =J65 -> 881.1 | K64: =K65 -> 540.7 | L64: =L65 -> 540.8
A65: Администрация Пятинского сельского поселения Ромодановского муниципального района Республики Мордовия | B65: 65 | C65: 2 | D65: 00 | E65: 41110 | F65: 120 | G65: 01 | H65: 04 | I65: 920 | J65: ='Приложение 2'!J20 -> 881.1 | K65: ='Приложение 2'!K20 -> 540.7 | L65: ='Приложение 2'!L20 -> 540.8
A66: ='Приложение 2'!A21 -> Расходы на обеспечение функций органов местного самоуправления | B66: 65 | C66: 2 | D66: 00 | E66: 41120 | J66: =J67+J72 -> 974.4 | K66: =K67+K72 -> 295 | L66: =L67+L72 -> 295
A67: Закупка товаров, работ и услуг для обеспечения государственных (муниципальных) нужд | B67: 65 | C67: 2 | D67: 00 | E67: 41120 | F67: 200 | J67: =J68 -> 959.4 | K67: =K68 -> 280 | L67: =L68 -> 280
A68: Иные закупки товаров, работ и услуг для обеспечения государственных (муниципальных) нужд | B68: 65 | C68: 2 | D68: 00 | E68: 41120 | F68: 240 | J68: =J69 -> 959.4 | K68: =K69 -> 280 | L68: =L69 -> 280
A69: Общегосударственные вопросы | B69: 65 | C69: 2 | D69: 00 | E69: 41120 | F69: 240 | G69: 01 | J69: =J70 -> 959.4 | K69: =K70 -> 280 | L69: =L70 -> 280
A70: Функционирование Правительства Российской Федерации, высших исполнительных органов государственной власти субъектов Российской Федерации, местных администраций | B70: 65 | C70: 2 | D70: 00 | E70: 41120 | F70: 240 | G70: 01 | H70: 04 | J70: =J71 -> 959.4 | K70: =K71 -> 280 | L70: =L71 -> 280
A71: Администрация Пятинского сельского поселения Ромодановского муниципального района Республики Мордовия | B71: 65 | C71: 2 | D71: 00 | E71: 41120 | F71: 240 | G71: 01 | H71: 04 | I71: 920 | J71: ='Приложение 2'!J23 -> 959.4 | K71: ='Приложение 2'!K23 -> 280 | L71: ='Приложение 2'!L23 -> 280
A72: Иные бюджетные ассигнования | B72: 65 | C72: 2 | D72: 00 | E72: 41120 | F72: 800 | J72: =J73 -> 15 | K72: =K73 -> 15 | L72: =L73 -> 15
A73: Уплата налогов, сборов и иных платежей | B73: 65 | C73: 2 | D73: 00 | E73: 41120 | F73: 850 | J73: =J74 -> 15 | K73: =K74 -> 15 | L73: =L74 -> 15
A74: Общегосударственные вопросы | B74: 65 | C74: 2 | D74: 00 | E74: 41120 | F74: 850 | G74: 01 | J74: =J75 -> 15 | K74: =K75 -> 15 | L74: =L75 -> 15
A75: Функционирование Правительства Российской Федерации, высших исполнительных органов государственной власти субъектов Российской Федерации, местных администраций | B75: 65 | C75: 2 | D75: 00 | E75: 41120 | F75: 850 | G75: 01 | H75: 04 | J75: =J76 -> 15 | K75: =K76 -> 15 | L75: =L76 -> 15
A76: Администрация Пятинского сельского поселения Ромодановского муниципального района Республики Мордовия | B76: 65 | C76: 2 | D76: 00 | E76: 41120 | F76: 850 | G76: 01 | H76: 04 | I76: 920 | J76: ='Приложение 2'!J25 -> 15 | K76: ='Приложение 2'!K25 -> 15 | L76: ='Приложение 2'!L25 -> 15
A77: ='Приложение 2'!A73 -> Непрограммные расходы главных распорядителей средств бюджета Пятинского сельского поселения Ромодановского муниципального района Республики Мордовия | B77: 89 | J77: =J78+J91 -> 247.1 | K77: =K78 -> 220.3 | L77: =L78 -> 220.3
A78: ='Приложение 2'!A74 -> Непрограммные расходы в рамках обеспечения деятельности главных распорядителей средств бюджета Пятинского сельского поселения Ромодановского муниципального района Республики Мордовия | B78: 89 | C78: 1 | J78: =J79+J85+J97 -> 230.2 | K78: =K79+K85+K97 -> 220.3 | L78: =L79+L85+L97 -> 220.3
A79: ='Приложение 2'!A75 -> Доплаты к пенсиям муниципальных служащих Республики Мордовия | B79: 89 | C79: 1 | D79: 00 | E79: 03010 | J79: =J80 -> 224.5 | K79: =K80 -> 214.6 | L79: =L80 -> 214.6
A80: ='Приложение 2'!A76 -> Социальное обеспечение и иные выплаты населению | B80: 89 | C80: 1 | D80: 00 | E80: 03010 | F80: 300 | J80: =J81 -> 224.5 | K80: =K81 -> 214.6 | L80: =L81 -> 214.6
A81: ='Приложение 2'!A77 -> Публичные нормативные социальные выплаты гражданам | B81: 89 | C81: 1 | D81: 00 | E81: 03010 | F81: 310 | J81: =J82 -> 224.5 | K81: =K82 -> 214.6 | L81: =L82 -> 214.6
A82: ='Приложение 2'!A71 -> Социальная политика | B82: 89 | C82: 1 | D82: 00 | E82: 03010 | F82: 310 | G82: 10 | J82: =J83 -> 224.5 | K82: =K83 -> 214.6 | L82: =L83 -> 214.6
A83: ='Приложение 2'!A72 -> Пенсионное обеспечение | B83: 89 | C83: 1 | D83: 00 | E83: 03010 | F83: 310 | G83: 10 | H83: 01 | J83: =J84 -> 224.5 | K83: =K84 -> 214.6 | L83: =L84 -> 214.6
A84: =A76 -> Администрация Пятинского сельского поселения Ромодановского муниципального района Республики Мордовия | B84: 89 | C84: 1 | D84: 00 | E84: 03010 | F84: 310 | G84: 10 | H84: 01 | I84: 920 | J84: ='Приложение 2'!J77 -> 224.5 | K84: ='Приложение 2'!K77 -> 214.6 | L84: ='Приложение 2'!L77 -> 214.6
A85: ='Приложение 2'!A34 -> Резервный фонд администрации Пятинского сельского поселени Ромодановского муниципального района Республики Мордовия | B85: 89 | C85: 1 | D85: 00 | E85: 41180 | J85: =J86 -> 5 | K85: =K86 -> 5 | L85: =L86 -> 5
A86: ='Приложение 2'!A35 -> Иные бюджетные ассигнования | B86: 89 | C86: 1 | D86: 00 | E86: 41180 | F86: 800 | J86: =J87 -> 5 | K86: =K87 -> 5 | L86: =L87 -> 5
A87: ='Приложение 2'!A36 -> Резервные средства | B87: 89 | C87: 1 | D87: 00 | E87: 41180 | F87: 870 | J87: =J88 -> 5 | K87: =K88 -> 5 | L87: =L88 -> 5
A88: ='Приложение 2'!A8 -> Общегосударственные вопросы | B88: 89 | C88: 1 | D88: 00 | E88: 41180 | F88: 870 | G88: 01 | J88: =J89 -> 5 | K88: =K89 -> 5 | L88: =L89 -> 5
A89: ='Приложение 2'!A31 -> Резервные фонды | B89: 89 | C89: 1 | D89: 00 | E89: 41180 | F89: 870 | G89: 01 | H89: 11 | J89: =J90 -> 5 | K89: =K90 -> 5 | L89: =L90 -> 5
A90: =A84 -> Администрация Пятинского сельского поселения Ромодановского муниципального района Республики Мордовия | B90: 89 | C90: 1 | D90: 00 | E90: 41180 | F90: 870 | G90: 01 | H90: 11 | I90: 920 | J90: ='Приложение 2'!J36 -> 5 | K90: ='Приложение 2'!K36 -> 5 | L90: ='Приложение 2'!L36 -> 5
A91: ='Приложение 2'!A58 -> Взнос на капитальный ремонт общего имущества в многоквартирном доме | B91: 89 | C91: 1 | D91: 00 | E91: 42360 | J91: =J92 -> 16.9
A92: ='Приложение 2'!A59 -> Закупка товаров, работ и услуг для обеспечения государственных (муниципальных) нужд | B92: 89 | C92: 1 | D92: 00 | E92: 42360 | F92: 200 | J92: =J93 -> 16.9
A93: ='Приложение 2'!A60 -> Иные закупки товаров, работ и услуг для обеспечения государственных (муниципальных) нужд | B93: 89 | C93: 1 | D93: 00 | E93: 42360 | F93: 240 | J93: =J94 -> 16.9
A94: ='Приложение 2'!A54 -> Жилищно-коммунальное хозяйство | B94: 89 | C94: 1 | D94: 00 | E94: 42360 | F94: 240 | G94: 05 | J94: =J95 -> 16.9
A95: ='Приложение 2'!A55 -> Жилищное хозяйство | B95: 89 | C95: 1 | D95: 00 | E95: 42360 | F95: 240 | G95: 05 | H95: 01 | J95: =J96 -> 16.9
A96: =A90 -> Администрация Пятинского сельского поселения Ромодановского муниципального района Республики Мордовия | B96: 89 | C96: 1 | D96: 00 | E96: 42360 | F96: 240 | G96: 05 | H96: 01 | I96: 920 | J96: ='Приложение 2'!J60 -> 16.9
A97: Осуществление государственных полномочий Республики Мордовия по определению перечня должностных лиц, уполномоченных составлять протоколы об административных правонарушениях, предусмотренных Законом Республики Мордовия от 15 июня 2015 года № 38-З "Об административной ответственности на территории Республики Мордовия" | B97: 89 | C97: 1 | D97: 00 | E97: 77150 | J97: =J98 -> 0.7 | K97: =K98 -> 0.7 | L97: =L98 -> 0.7
A98: Закупка товаров, работ и услуг для обеспечения государственных (муниципальных) нужд | B98: 89 | C98: 1 | D98: 00 | E98: 77150 | F98: 200 | J98: =J99 -> 0.7 | K98: =K99 -> 0.7 | L98: =L99 -> 0.7
A99: Иные закупки товаров, работ и услуг для обеспечения государственных (муниципальных) нужд | B99: 89 | C99: 1 | D99: 00 | E99: 77150 | F99: 240 | J99: =J100 -> 0.7 | K99: =K100 -> 0.7 | L99: =L100 -> 0.7
A100: Общегосударственные вопросы | B100: 89 | C100: 1 | D100: 00 | E100: 77150 | F100: 240 | G100: 01 | J100: =J101 -> 0.7 | K100: =K101 -> 0.7 | L100: =L101 -> 0.7
...

Sheet прил5
C2: Приложение5 к решению Совета депутатов Пятинского сельского поселения Ромодановского муниципального района Республики Мордовия «О внесении изменений в решение Совета депутатов Пятинского сельского поселения Ромодановского муниципального района Республики Мордовия от 26 декабря 2023 г № 22 «О бюджете Пятинского сельского поселения Ромодановского муниципального района Республики Мордовия на 2024 год и на плановый период 2025 и 2026 годов» Приложение 6 к решению Совета депутатов Пятинского сельского поселения Ромодановского муниципального района Республики Мордовия «О бюджете Пятинского сельского поселения Ромодановского муниципального района Республики Мордовия на 2024 год и на плановый период 2025 и 2026 годов»
A3: ИСТОЧНИКИ ВНУТРЕННЕГО ФИНАНСИРОВАНИЯ ДЕФИЦИТА БЮДЖЕТА ПЯТИНСКОГО СЕЛЬСКОГО ПОСЕЛЕНИЯ РОМОДАНОВСКОГО МУНИЦИПАЛЬНОГО РАЙОНА РЕСПУБЛИКИ МОРДОВИЯ НА 2024 ГОД И НА ПЛАНОВЫЙ ПЕРИОД 2025 и 2026 ГОДОВ
A7: Код | B7: Наименование кода группы, подгруппы, статьи, вида источника финансирования дефицитов бюджетов, кода классификации операций сектора государственного управления, относящихся к источникам финансирования дефицитов бюджетов Российской Федерации | C7: Сумма (тыс. руб.)
C8: 2024 год | D8: 2025 год | E8: 2026 год
A9: 1 | B9: 2 | C9: 3 | D9: 4 | E9: 5
A10: 000 01 00 00 00 00 0000 000 | B10: ИСТОЧНИКИ ВНУТРЕННЕГО ФИНАНСИРОВАНИЯ ДЕФИЦИТОВ БЮДЖЕТОВ | C10: =C11+C22+C14+C18 -> 1126 | D10: =D11+D22+D14+D18 -> 0 | E10: =E11+E22+E14+E18 -> 0
A11: 000 01 02 00 00 00 0000 000 | B11: Кредиты кредитных организаций в валюте Российской Федерации | C11: =SUM(C12) -> 0 | D11: =SUM(D12) -> 0 | E11: =SUM(E12) -> 0
A12: 000 01 02 00 00 00 0000 700 | B12: Привлечение кредитов от кредитных организаций в валюте Российской Федерации | C12: =SUM(C13) -> 0 | D12: =SUM(D13) -> 0 | E12: =SUM(E13) -> 0
A13: 000 01 02 00 00 05 0000 710 | B13: Привлечение кредитов от кредитных организаций бюджетами муниципальных районов в валюте Российской Федерации | C13: 0 | D13: 0 | E13: 0
A14: 000 01 03 00 00 00 0000 000 | B14: Бюджетные кредиты из других бюджетов бюджетной системы Российской Федерации | C14: =C15 -> 0 | D14: =D15 -> 0 | E14: =E15 -> 0
A15: 000 01 03 01 00 00 0000 000 | B15: Бюджетные кредиты из других бюджетов бюджетной системы Российской Федерации в валюте Российской Федерации | C15: =C16 -> 0 | D15: =D16 -> 0 | E15: =E16 -> 0
A16: 000 01 03 01 00 00 0000 800 | B16: Погашение бюджетных кредитов, полученных из других бюджетов бюджетной системы Российской Федерации в валюте Российской Федерации | C16: =SUM(C17) -> 0 | D16: =SUM(D17) -> 0 | E16: =SUM(E17) -> 0
A17: 000 01 03 01 00 05 0000 810 | B17: Погашение бюджетами муниципальных районов кредитов из других бюджетов бюджетной системы Российской Федерации в валюте Российской Федерации | C17: 0 | D17: 0 | E17: 0
A18: 000 01 06 00 00 00 0000 000 | B18: Иные источники внутреннего финансирования дефицитов бюджетов | C18: =C19 -> 0 | D18: =D19 -> 0 | E18: =E19 -> 0
A19: 000 01 06 05 00 00 0000 000 | B19: Бюджетные кредиты, предоставленные внутри страны в валюте Российской Федерации | C19: =C20 -> 0 | D19: =D20 -> 0 | E19: =E20 -> 0
A20: 000 01 06 05 02 00 0000 600 | B20: Возврат бюджетных кредитов, предоставленных другим бюджетам бюджетной системы Российской Федерации в валюте Российской Федерации | C20: =C21 -> 0 | D20: =D21 -> 0 | E20: =E21 -> 0
A21: 000 01 06 05 02 05 0000 640 | B21: Возврат бюджетных кредитов, предоставленных другим бюджетам бюджетной системы Российской Федерации из бюджетов муниципальных районов в валюте Российской Федерации | C21: 0 | D21: 0 | E21: 0
A22: 000 01 05 00 00 00 0000 000 | B22: Изменения остатков средств на счетах по учету средств бюджета | C22: =C25+C26 -> 1126 | D22: =D25+D26 -> 0 | E22: =E25+E26 -> 0
A23: 000 01 05 02 00 00 0000 500 | B23: Увеличение прочих остатков средств бюджетов | C23: =SUM(C24) -> -2477.3 | D23: =SUM(D24) -> -2099.8 | E23: =SUM(E24) -> -2127.4
A24: 000 01 05 02 01 00 0000 510 | B24: Увеличение прочих остатков денежных средств бюджетов | C24: =SUM(C25) -> -2477.3 | D24: =SUM(D25) -> -2099.8 | E24: =SUM(E25) -> -2127.4
A25: 000 01 05 02 01 10 0000 510 | B25: Увеличение прочих остатков денежных средств бюджетов сельских поселений | C25: -2477.3 | D25: -2099.8 | E25: -2127.4
A26: 000 01 05 02 00 00 0000 600 | B26: Уменьшение прочих остатков средств бюджетов | C26: =SUM(C27) -> 3603.3 | D26: =SUM(D27) -> 2099.8 | E26: =SUM(E27) -> 2127.4
A27: 000 01 05 02 01 00 0000 610 | B27: Уменьшение прочих остатков денежных средств бюджетов | C27: =SUM(C28) -> 3603.3 | D27: =SUM(D28) -> 2099.8 | E27: =SUM(E28) -> 2127.4
A28: 000 01 05 02 01 05 0000 610 | B28: Уменьшение прочих остатков денежных средств бюджетов муниципальных районов | C28: 3603.3 | D28: 2099.8 | E28: 2127.4
A29: 000 01 00 00 00 00 0000 000 | B29: Итого источников внутреннего финансирования дефицита бюджета Пятинского сельского поселения Ромодановского муниципального района Республики Мордовия
B30: собственные доходы | C30: 1474.8 | D30: 1515 | E30: 1571.4
